[ AOE2 MATCH · #506615458 ]
UnrankedBurmese vs Magyars
Player's team · LOSS
Rival team · WIN
[ REPLAY ANALYSIS · EXTRACTED FROM THE RECORDED GAME ]
Feudal
11:06
Castle
27:15
Imperial
—
| APM avg | 39.7 |
| APM peak | 70 |
| eAPM avg | 19.1 |
| Villagers / military | 53 / 19 |
Focus
⚔️ 19.7% · 🌾 80.3%
Spearman ×17 · Militia ×2
Feudal
9:23
Castle
23:06
Imperial
—
| APM avg | 57.7 |
| APM peak | 102 |
| eAPM avg | 20.7 |
| Villagers / military | 51 / 29 |
Focus
⚔️ 28.5% · 🌾 71.5%
Scout Cavalry ×14 · Knight ×13 · Mangonel ×2
Match map
Initial resources + every placement click. Lines = walls · curves = elevation contours. ◆ gold · ⬟ stone · ● berries · ✦ relic · ◌ wall gap
Your base· ✓ Closed at 27:15 · 85t walls · no gate
Zilove_'s base· Open — opponent sealed themselves in
Smoothed initial terrain · ◌ = detected wall gap · hover for details
Inputs per minute
— Aaronsito - - Zilove_
Build order — Aaronsito
First 150 of 164 actions detected
| 0:04 | Queue | Villager (Male) |
| 0:04 | Queue | Villager (Male) |
| 0:05 | Queue | Villager (Male) |
| 0:06 | Build | House |
| 0:08 | Build | House |
| 0:25 | Queue | Villager (Male) |
| 0:25 | Queue | Villager (Male) |
| 1:52 | Queue | Villager (Male) |
| 1:53 | Queue | Villager (Male) |
| 2:14 | Queue | Villager (Male) |
| 2:14 | Queue | Villager (Male) |
| 2:28 | Build | Lumber Camp |
| 2:31 | Queue | Villager (Male) |
| 2:31 | Queue | Villager (Male) |
| 3:00 | Queue | Villager (Male) |
| 3:00 | Queue | Villager (Male) |
| 3:34 | Queue | Villager (Male) |
| 3:34 | Queue | Villager (Male) |
| 3:49 | Queue | Villager (Male) |
| 4:38 | Build | House |
| 4:42 | Queue | Villager (Male) |
| 4:43 | Queue | Villager (Male) |
| 5:12 | Build | Mill |
| 5:51 | Build | House |
| 6:26 | Queue | Villager (Male) |
| 6:27 | Queue | Villager (Male) |
| 6:27 | Queue | Villager (Male) |
| 6:28 | Queue | Villager (Male) |
| 6:28 | Queue | Villager (Male) |
| 6:35 | Queue | Villager (Male) |
| 7:48 | Research | Loom |
| 8:08 | Build | Palisade Wall |
| 8:11 | Build | Palisade Wall |
| 8:13 | Build | Palisade Wall |
| 8:14 | Build | Palisade Wall |
| 8:22 | Queue | Villager (Male) |
| 8:49 | Research | Feudal Age |
| 9:01 | Queue | Villager (Male) |
| 9:04 | Build | Mining Camp |
| 9:32 | Build | Barracks |
| 9:39 | Build | Palisade Wall |
| 9:44 | Build | Palisade Wall |
| 9:52 | Build | House |
| 9:52 | Build | Palisade Wall |
| 10:10 | Build | Palisade Wall |
| 10:17 | Build | Palisade Wall |
| 10:23 | Build | Palisade Wall |
| 10:36 | Queue | Villager (Male) |
| 11:06 | Age | Feudal Age |
| 11:11 | Build | Blacksmith |
| 11:12 | Build | Palisade Wall |
| 11:22 | Build | Palisade Wall |
| 11:34 | Build | Stable |
| 11:37 | Build | Palisade Wall |
| 11:43 | Queue | Villager (Male) |
| 11:51 | Queue | Villager (Male) |
| 12:05 | Build | Farm |
| 12:05 | Build | Farm |
| 12:05 | Build | Farm |
| 12:11 | Queue | Villager (Male) |
| 12:38 | Research | Man-at-Arms (upgrade) |
| 12:39 | Queue | Militia |
| 12:39 | Queue | Militia |
| 12:53 | Queue | Villager (Male) |
| 12:53 | Queue | Villager (Male) |
| 13:06 | Queue | Spearman |
| 13:21 | Build | Farm |
| 13:21 | Build | Farm |
| 13:21 | Build | Farm |
| 13:21 | Build | Farm |
| 13:22 | Build | Farm |
| 13:25 | Queue | Villager (Male) |
| 13:39 | Build | House |
| 13:41 | Build | House |
| 13:49 | Build | House |
| 13:52 | Build | House |
| 14:01 | Build | Farm |
| 14:02 | Build | Farm |
| 14:02 | Build | Farm |
| 14:02 | Build | Farm |
| 14:21 | Queue | Spearman |
| 14:24 | Build | House |
| 14:26 | Build | Palisade Wall |
| 14:31 | Build | House |
| 14:33 | Build | Palisade Wall |
| 14:56 | Queue | Villager (Male) |
| 15:02 | Build | House |
| 15:08 | Queue | Villager (Male) |
| 15:11 | Queue | Villager (Male) |
| 15:31 | Build | Farm |
| 15:40 | Build | Farm |
| 15:41 | Build | Mill |
| 15:41 | Build | Farm |
| 15:41 | Build | Farm |
| 15:42 | Build | Farm |
| 16:21 | Queue | Villager (Male) |
| 16:29 | Build | Lumber Camp |
| 16:33 | Build | Farm |
| 16:33 | Build | Farm |
| 16:33 | Build | Farm |
| 16:33 | Build | Farm |
| 16:34 | Build | Farm |
| 16:53 | Queue | Villager (Male) |
| 16:53 | Queue | Villager (Male) |
| 17:01 | Build | House |
| 17:06 | Build | House |
| 17:28 | Queue | Villager (Male) |
| 17:28 | Queue | Villager (Male) |
| 17:29 | Queue | Villager (Male) |
| 17:42 | Queue | Villager (Male) |
| 18:34 | Queue | Villager (Male) |
| 18:34 | Queue | Villager (Male) |
| 18:55 | Queue | Spearman |
| 19:15 | Queue | Spearman |
| 19:32 | Queue | Villager (Male) |
| 20:17 | Queue | Spearman |
| 20:46 | Queue | Villager (Male) |
| 20:46 | Queue | Villager (Male) |
| 20:50 | Build | Mill |
| 20:51 | Build | Farm |
| 20:51 | Build | Farm |
| 20:51 | Build | Farm |
| 20:52 | Build | Farm |
| 20:52 | Build | Farm |
| 21:10 | Queue | Spearman |
| 21:32 | Build | Palisade Wall |
| 21:41 | Queue | Villager (Male) |
| 21:56 | Research | Horse Collar |
| 22:02 | Build | Farm |
| 22:03 | Build | Farm |
| 22:04 | Build | Farm |
| 22:05 | Build | Farm |
| 22:10 | Queue | Villager (Male) |
| 22:27 | Build | Farm |
| 22:28 | Build | Farm |
| 22:33 | Queue | Villager (Male) |
| 22:49 | Research | Wheelbarrow |
| 23:10 | Build | Farm |
| 24:35 | Research | Castle Age |
| 24:35 | Research | Castle Age |
| 24:44 | Build | Mining Camp |
| 25:05 | Research | Fletching |
| 25:25 | Queue | Spearman |
| 25:26 | Queue | Spearman |
| 25:52 | Queue | Spearman |
| 25:55 | Research | Forging |
| 25:57 | Research | Scale Mail Armor |
| 26:11 | Queue | Spearman |
| 26:45 | Build | House |
| 26:49 | Build | House |
Build order — Zilove_
127 actions detected in the replay
| 0:04 | Build | House |
| 0:06 | Build | House |
| 0:06 | Queue | Villager (Male) |
| 0:07 | Queue | Villager (Male) |
| 0:57 | Queue | Villager (Male) |
| 0:58 | Queue | Villager (Male) |
| 0:58 | Queue | Villager (Male) |
| 1:23 | Queue | Villager (Male) |
| 2:07 | Queue | Villager (Male) |
| 2:09 | Build | Lumber Camp |
| 2:34 | Queue | Villager (Male) |
| 3:06 | Queue | Villager (Male) |
| 3:06 | Queue | Villager (Male) |
| 3:16 | Queue | Villager (Male) |
| 3:16 | Queue | Villager (Male) |
| 3:48 | Queue | Villager (Male) |
| 3:48 | Queue | Villager (Male) |
| 4:04 | Build | Mill |
| 4:22 | Build | House |
| 4:41 | Queue | Villager (Male) |
| 5:10 | Queue | Villager (Male) |
| 5:11 | Queue | Villager (Male) |
| 6:12 | Queue | Villager (Male) |
| 6:12 | Queue | Villager (Male) |
| 6:15 | Research | Loom |
| 7:13 | Research | Feudal Age |
| 8:00 | Build | Barracks |
| 8:02 | Build | Palisade Wall |
| 8:30 | Build | House |
| 8:43 | Queue | Villager (Male) |
| 9:21 | Build | House |
| 9:23 | Age | Feudal Age |
| 9:29 | Build | Stable |
| 9:39 | Research | Double-Bit Axe |
| 9:52 | Queue | Villager (Male) |
| 10:16 | Queue | Villager (Male) |
| 10:20 | Build | Farm |
| 10:20 | Build | Farm |
| 10:32 | Queue | Scout Cavalry |
| 10:38 | Queue | Villager (Male) |
| 10:55 | Queue | Villager (Male) |
| 10:57 | Queue | Scout Cavalry |
| 11:21 | Queue | Villager (Male) |
| 11:23 | Queue | Scout Cavalry |
| 11:30 | Build | Mining Camp |
| 11:52 | Queue | Villager (Male) |
| 12:30 | Build | Watch Tower |
| 12:41 | Queue | Villager (Male) |
| 12:42 | Queue | Scout Cavalry |
| 12:45 | Build | House |
| 12:46 | Build | House |
| 13:08 | Queue | Villager (Male) |
| 13:11 | Build | House |
| 13:16 | Build | Farm |
| 13:16 | Build | Farm |
| 13:36 | Queue | Villager (Male) |
| 13:38 | Build | Farm |
| 13:48 | Build | Market |
| 13:55 | Queue | Villager (Male) |
| 14:07 | Queue | Scout Cavalry |
| 14:26 | Queue | Villager (Male) |
| 14:29 | Build | Farm |
| 14:30 | Build | Farm |
| 14:30 | Build | Farm |
| 15:02 | Build | Watch Tower |
| 15:05 | Queue | Villager (Male) |
| 15:08 | Build | Farm |
| 15:08 | Build | Farm |
| 15:36 | Queue | Villager (Male) |
| 15:47 | Build | Farm |
| 15:49 | Queue | Villager (Male) |
| 16:04 | Build | House |
| 16:34 | Queue | Villager (Male) |
| 16:34 | Queue | Villager (Male) |
| 17:00 | Queue | Villager (Male) |
| 17:03 | Build | Farm |
| 17:03 | Build | Farm |
| 17:03 | Build | Farm |
| 17:31 | Build | Watch Tower |
| 17:35 | Queue | Scout Cavalry |
| 18:04 | Build | Watch Tower |
| 18:07 | Queue | Villager (Male) |
| 18:10 | Build | Mining Camp |
| 18:12 | Build | Farm |
| 18:12 | Build | Farm |
| 18:51 | Queue | Scout Cavalry |
| 18:51 | Queue | Scout Cavalry |
| 18:52 | Queue | Villager (Male) |
| 18:53 | Queue | Villager (Male) |
| 19:29 | Queue | Scout Cavalry |
| 19:58 | Queue | Villager (Male) |
| 19:59 | Queue | Villager (Male) |
| 19:59 | Queue | Villager (Male) |
| 20:26 | Research | Castle Age |
| 20:27 | Research | Castle Age |
| 21:01 | Build | Farm |
| 21:11 | Research | Wheelbarrow |
| 21:18 | Build | Stable |
| 21:31 | Research | Horse Collar |
| 22:13 | Research | Bloodlines |
| 22:47 | Build | Blacksmith |
| 23:06 | Age | Castle Age |
| 23:19 | Build | Blacksmith |
| 23:38 | Research | Scale Barding Armor |
| 24:18 | Queue | Knight ×5 |
| 24:21 | Queue | Villager (Male) |
| 24:35 | Build | Siege Workshop |
| 24:42 | Queue | Villager (Male) |
| 24:50 | Queue | Knight ×3 |
| 25:02 | Queue | Villager (Male) |
| 25:17 | Queue | Villager (Male) |
| 25:47 | Queue | Villager (Male) |
| 26:01 | Queue | Mangonel |
| 26:09 | Build | House |
| 26:11 | Build | House |
| 26:18 | Queue | Knight ×2 |
| 26:57 | Queue | Villager (Male) |
| 27:25 | Build | Monastery |
| 27:30 | Queue | Mangonel |
| 27:32 | Queue | Villager (Male) |
| 27:47 | Queue | Villager (Male) |
| 27:58 | Research | Chain Barding Armor |
| 28:10 | Queue | Knight |
| 28:15 | Research | Light Cavalry (upgrade) |
| 28:16 | Queue | Scout Cavalry ×5 |
| 28:53 | Queue | Knight |
| 28:53 | Queue | Knight |
Match timeline
| 8:00 | Zilove_ · first_building Barracks |
| 8:02 | Zilove_ · wall_segment Palisade Wall x1 |
| 8:08 | Aaronsito · wall_segment Palisade Wall x3 |
| 8:11 | Aaronsito · wall_segment Palisade Wall x6 |
| 8:13 | Aaronsito · wall_segment Palisade Wall x5 |
| 8:14 | Aaronsito · wall_segment Palisade Wall x1 |
| 9:23 | Zilove_ · age_up feudal |
| 9:29 | Zilove_ · first_building Stable |
| 9:32 | Aaronsito · first_building Barracks |
| 9:39 | Aaronsito · wall_segment Palisade Wall x5 |
| 9:44 | Aaronsito · wall_segment Palisade Wall x7 |
| 9:52 | Aaronsito · wall_segment Palisade Wall x1 |
| 10:10 | Aaronsito · wall_segment Palisade Wall x21 |
| 10:17 | Aaronsito · wall_segment Palisade Wall x11 |
| 10:23 | Aaronsito · wall_segment Palisade Wall x1 |
| 11:06 | Aaronsito · age_up feudal |
| 11:12 | Aaronsito · wall_segment Palisade Wall x1 |
| 11:22 | Aaronsito · wall_segment Palisade Wall x4 |
| 11:34 | Aaronsito · first_building Stable |
| 11:37 | Aaronsito · wall_segment Palisade Wall x6 |
| 14:26 | Aaronsito · wall_segment Palisade Wall x1 |
| 14:33 | Aaronsito · wall_segment Palisade Wall x5 |
| 21:32 | Aaronsito · wall_segment Palisade Wall x8 |
| 23:06 | Zilove_ · age_up castle |
| 24:35 | Zilove_ · first_building Siege Workshop |
| 27:15 | Aaronsito · age_up castle |
| 27:25 | Zilove_ · first_building Monastery |
| 28:00 | Aaronsito · wall_segment Palisade Wall x1 |
| 28:02 | Aaronsito · wall_segment Palisade Wall x1 |
| 29:30 | Aaronsito · resign |
[ AI ANALYSIS · 1 CREDIT ]
What really happened in this match?
Wolo.gg analyzes every decision: build order, eco, micro, common mistakes by bracket. Personalized analysis on WhatsApp or Discord in 30 seconds.
Civ guide
Burmese
Perfil
Jugador #696415